Map: Taito Citadel LE

Players

HoldTheDoor

  • Race: Protoss Protoss
  • League: Diamond
  • Spawn Location: 11:00

NicK - Winner!

  • Race: Zerg Zerg
  • Spawn Location: 5:00

VOD

Have the link to the VOD?

Description

Time

  • Played on: May 19, 2026, noon
  • Length: 12:31
Show
View Real Time Build Order
Export as new Build Order

HoldTheDoor Protoss 

Build Orders: 1 Gate Expand, Archon Immortal, Dark Templar Rush 

Get SALT Encoding   

  12  0:00  Probe  
  13  0:12  Probe  
  14  0:19  Pylon  
  14  0:24  Probe  
  15  0:34  Probe  
  15  0:42  Probe  
  16  0:43  Gateway  
  17  0:51  Probe, Assimilator  
  18  1:03  Probe  
  19  1:23  Nexus  
  19  1:32  Cybernetics Core  
  19  1:35  Probe  
  20  1:43  Assimilator  
  20  1:47  Probe  
  21  1:50  Pylon  
  21  2:00  Probe  
  22  2:02  Stalker  
  24  2:11  Warp Gate  
  24  2:12  Probe  
  25  2:22  Stalker  
  25  2:24  Probe  
  26  2:36  Probe x2  
  30  2:43  Robotics Facility  
  30  2:48  Probe x2  
  32  2:55  Gateway  
  32  3:02  Probe  
  32  3:03  Probe  
  34  3:15  Probe x2  
  34  3:16  Assimilator  
  34  3:18  Twilight Council  
  36  3:30  Pylon  
  36  3:33  Probe x2  
  38  3:44  Warp Prism  
  38  3:45  Probe  
  38  3:47  Probe  
  42  3:56  Dark Shrine  
  42  3:57  Probe  
  42  3:58  Pylon  
  42  3:59  Probe  
  44  4:05  Gateway  
  44  4:12  Gateway  
  44  4:16  Probe x2  
  46  4:20  Pylon  
  46  4:25  Shield Battery  
  46  4:34  Probe x2  
  48  4:43  Adept x2  
  52  4:59  Probe  
  53  5:10  Dark Templar  
  53  5:12  Dark Templar x3  
  61  5:48  Charge  
  61  5:49  Probe  
  62  5:56  Nexus  
  66  5:57  Immortal  
  66  5:58  Pylon  
  66  5:59  Zealot x2  
  66  6:00  Pylon  
  66  6:02  Pylon  
  70  6:07  Pylon  
  70  6:10  Pylon  
  70  6:13  Pylon  
  70  6:16  Gateway  
  70  6:18  Gateway  
  70  6:19  Zealot  
  70  6:20  Gateway  
  70  6:21  Zealot, Gateway  
  70  6:22  Gateway  
  74  6:26  Gateway  
  74  6:29  Archon  
  74  6:31  Archon  
  74  6:36  Forge  
  74  6:39  Immortal  
  78  6:42  Probe x2  
  78  6:45  Zealot x2  
  84  6:51  Zealot x2  
  88  7:01  Probe x2  
  90  7:12  Photon Cannon  
  90  7:13  Probe  
  90  7:15  Photon Cannon  
  91  7:16  Shield Battery  
  91  7:18  Probe  
  91  7:19  Shield Battery  
  91  7:22  Photon Cannon  
  92  7:26  Photon Cannon  
  92  7:31  Immortal  
  92  7:35  Pylon  
  96  7:38  Pylon  
  96  7:42  Photon Cannon  
  96  7:50  Photon Cannon  
  96  7:58  Photon Cannon  
  96  8:02  Pylon  
  96  8:06  Pylon  
  96  8:07  Templar Archives  
  96  8:10  Immortal, Pylon  
  100  8:13  Protoss Ground Weapons Level 1  
  100  8:23  Photon Cannon  
  100  8:33  Dark Templar  
  100  8:34  Dark Templar x3  
  104  8:35  Dark Templar  
  104  8:39  Archon x2  
  110  8:46  High Templar x3  
  116  8:49  Observer  
  116  8:50  Zealot x2  
  121  8:57  Immortal  
  121  8:58  Archon  
  125  9:11  Zealot  
  125  9:12  Zealot x3  
  125  9:13  Zealot x3  
  139  9:19  High Templar  
  139  9:23  Archon  
  141  9:24  Zealot x2  
  145  9:38  Pylon  
  145  9:40  Photon Cannon  
  145  9:48  Zealot x4  
  145  9:49  Zealot x5  
  163  9:54  Observer  
  146  10:04  Zealot  
  126  10:09  Zealot x6  
  126  10:10  Zealot x3  
  92  10:29  Zealot  
  92  10:30  Zealot x6  
  92  10:31  Zealot  
  92  10:57  Stalker x5  
  92  10:58  Stalker x3  
  88  11:20  Dark Templar x4  
  88  11:32  Stalker x3  
  84  11:33  Stalker  
  86  11:42  Archon  
  86  11:43  Archon  
  86  11:44  Zealot  
  86  11:45  Zealot  
  90  12:02  Pylon  
  94  12:15  Zealot x3  
  96  12:16  Zealot  
  102  12:23  Zealot x6  
Show
View Real Time Build Order
Export as new Build Order

NicK Zerg - Winner!

Build Orders: Hatch First, Lurkers, Roach Hydra 

Get SALT Encoding   

  12  0:00  Drone  
  13  0:14  Overlord  
  13  0:17  Drone  
  14  0:33  Drone x2  
  16  0:46  Hatchery  
  16  0:49  Drone  
  16  0:53  Drone  
  17  0:58  Drone  
  18  1:07  Extractor  
  17  1:13  Spawning Pool  
  17  1:15  Drone  
  17  1:19  Drone  
  18  1:31  Drone  
  19  1:44  Drone  
  20  1:52  Overlord  
  20  1:59  Queen x2  
  20  2:00  Drone  
  25  2:02  Drone  
  26  2:10  Drone  
  26  2:13  Drone  
  28  2:25  Drone x2  
  30  2:31  Hatchery  
  30  2:35  Overlord  
  30  2:36  Drone  
  30  2:44  Queen  
  30  2:50  Overlord  
  32  2:54  Metabolic Boost  
  32  3:04  Drone x4  
  36  3:08  Drone  
  36  3:11  Drone x2  
  36  3:12  Drone  
  40  3:18  Drone  
  41  3:23  Queen  
  43  3:27  Overlord  
  43  3:30  Drone  
  43  3:31  Extractor  
  43  3:33  Extractor  
  42  3:35  Drone x2  
  44  3:43  Zergling x2  
  44  3:44  Zergling x2  
  46  3:51  Drone x3  
  46  3:53  Drone x2, Roach Warren  
  46  3:55  Drone  
  51  4:15  Overlord x3  
  51  4:16  Overlord x2  
  51  4:31  Lair  
  51  4:32  Drone x2  
  51  4:33  Drone x2  
  51  4:38  Roach x6  
  65  4:45  Drone x5  
  71  5:05  Spine Crawler  
  70  5:08  Spine Crawler  
  70  5:10  Drone, Spine Crawler  
  70  5:12  Zergling x2  
  70  5:13  Zergling x18  
  79  5:20  Drone  
  80  5:30  Overseer  
  80  5:31  Overseer  
  80  5:36  Roach x2  
  80  5:37  Roach x6  
  80  5:39  Overlord x2  
  96  5:45  Drone  
  96  5:48  Overseer  
  97  5:52  Overlord x3  
  97  5:59  Drone x5  
  97  6:01  Roach x3  
  108  6:10  Drone x2  
  110  6:12  Drone x4  
  110  6:13  Glial Reconstitution  
  110  6:18  Evolution Chamber x2  
  112  6:31  Drone x2  
  114  6:35  Extractor  
  114  6:36  Extractor  
  112  6:40  Drone x3  
  112  6:41  Drone x2  
  112  6:42  Drone  
  115  6:55  Extractor, Drone x2  
  115  6:56  Drone, Hydralisk Den  
  115  6:58  Zerg Missile Weapons Level 1, Zerg Ground Armor Level 1  
  116  7:04  Spine Crawler x2  
  114  7:13  Overseer  
  114  7:14  Overlord x8  
  114  7:17  Pneumatized Carapace  
  114  7:18  Drone  
  114  7:20  Hatchery  
  114  7:39  Muscular Augments  
  114  7:43  Infestation Pit  
  114  7:44  Hydralisk x7  
  113  7:45  Hydralisk x4  
  113  7:47  Roach  
  137  8:12  Lurker Den  
  136  8:17  Roach  
  136  8:18  Roach x14  
  166  8:38  Drone x2  
  166  8:39  Drone x7  
  175  8:43  Grooved Spines  
  175  8:44  Hive  
  175  8:50  Drone x4  
  175  8:51  Drone x3  
  182  9:00  Hatchery  
  181  9:13  Zerg Missile Weapons Level 2  
  181  9:14  Zerg Ground Armor Level 2  
  181  9:16  Extractor  
  180  9:17  Extractor  
  179  9:25  Overseer  
  179  9:28  Extractor  
  179  9:29  Drone x3  
  179  9:30  Extractor, Drone x3  
  183  9:34  Lurker x7  
  183  9:35  Lurker x2  
  183  9:37  Hydralisk  
  194  9:39  Zergling x2  
  194  9:40  Zergling x10  
  176  10:10  Adaptive Talons  
  176  10:16  Drone x2  
  176  10:17  Drone x2  
  176  10:19  Hatchery, Extractor  
  178  10:21  Extractor  
  153  10:29  Roach x3  
  153  10:30  Roach x17  
  153  10:35  Hydralisk x3  
  191  10:42  Hydralisk x2  
  193  10:43  Hydralisk  
  197  10:57  Lurker x3  
  194  11:07  Lurker, Seismic Spines  
  194  11:08  Lurker  
  160  11:46  Hydralisk x16  
  160  11:47  Hydralisk x3  
  195  12:04  Drone  
  195  12:05  Drone x2  
  195  12:07  Drone  
Tags
 
Add a new tag
Caveats
  • Supply blocks, unpowered buildings, or Contaminate may cause inaccurate times.
  • Supply counts are checked every 10 seconds.